 Dungeon Crawl Stone Soup version 0.29.1 (webtiles) character file.

Game seed: 9102588803719250621

117 swilekon the Ducker (level 5, -9/37 HPs)
             Began as an Octopode Monk on Sept 14, 2022.
             Mangled by a gnoll
             ... wielding a +2 whip of flaming
              (12 damage)
             ... on level 2 of the Dungeon.
             The game lasted 00:03:02 (1649 turns).

swilekon the Ducker (Octopode Monk)                 Turns: 1649, Time: 00:03:03

Health: -9/37      AC:  1    Str: 10    XL:     5   Next: 1%
Magic:  5/5        EV: 14    Int: 13    God:
Gold:   84         SH:  0    Dex: 16    Spells: 4/4 levels left

rFire   . . .      SeeInvis .   a - +0 short sword
rCold   . . .      Faith    .   (no shield)
rNeg    . . .      Spirit   .   (helmet restricted)
rPois   .          Reflect  .   (no amulet)
rElec   .          Harm     .   (no ring)
rCorr   .          Rampage  .   (no ring)
Will    .....                   (no ring)
Stlth   +++.......              (no ring)
HPRegen 0.12/turn               (no ring)
MPRegen 0.09/turn               (no ring)
                                (no ring)
                                (no ring)

@: no status effects
A: almost no armour, amphibious, 8 rings, camouflage 1, gelatinous body 1,
(nimble swimmer 1), tentacles
a: no special abilities


You were on level 2 of the Dungeon.
You visited 1 branch of the dungeon, and saw 2 of its levels.

You collected 84 gold pieces.

Inventory:

Hand Weapons
 a - a +0 short sword (weapon)
Scrolls
 d - a scroll of poison {unknown}
 f - a scroll of blinking {unknown}
 i - a scroll of enchant weapon {unknown}
 j - a scroll of brand weapon {unknown}
Potions
 b - a potion of ambrosia
 c - a potion of attraction {unknown}
 e - a potion of flight {unknown}
 g - a potion of curing {unknown}
 h - a potion of degeneration {unknown}
 k - a potion of heal wounds


   Skills:
 + Level 4.0 Fighting
 + Level 3.6(3.7) Short Blades
 - Level 1.1(2.5) Long Blades
 + Level 4.0 Dodging
 - Level 2.6 Stealth


You had 4 spell levels left.
You didn't know any spells.
Your spell library contained the following spells:

 Spells                   Type           Power      Damage    Failure   Level
 Gell's Gravitas          Tloc           0%         N/A       67%         3
 Teleport Other           Tloc           0%         N/A       67%         3
 Dispersal                Tloc           0%         N/A       100%        6


Dungeon Overview and Level Annotations

Branches:
Dungeon (2/15)

Altars:


Innate Abilities, Weirdness & Mutations

You cannot wear most types of armour.
You are amphibious.
You can wear up to eight rings at the same time.
Your skin changes colour to match your surroundings (Stealth+).
Your rubbery body absorbs attacks. (AC +1, EV +1)
((You are camouflaged when in or above water. (Stealth+)))
You have tentacles for arms and can constrict up to eight enemies at once.


Message History

You constrict the gnoll, but do no damage.
The gnoll closely misses you.
You hit the gnoll but do no damage. You squeeze the gnoll!
The gnoll is almost dead.
You constrict the gnoll.
You kill the gnoll!
Your Fighting skill increases to level 4!
Your Dodging skill increases to level 4!
You have reached level 5!
You feel clever.
Things that are here:
a +0 quarterstaff; a gnoll corpse A gnoll is nearby!
A gnoll comes into view. It is wielding a +2 whip of flaming.
The gnoll hits you with a +0 halberd!
You hit the gnoll but do no damage. Your grab misses the gnoll.
The gnoll misses you. The gnoll barely misses you.
You closely miss the gnoll. You grab the gnoll. You squeeze the gnoll.
The gnoll is moderately wounded.
You constrict the gnoll.
The gnoll hits you with a +2 whip of flaming.
The gnoll burns you. The gnoll hits you with a +0 halberd!
You are too injured to fight recklessly!
You hit the gnoll but do no damage.
The gnoll is heavily wounded.
You constrict the gnoll.
The gnoll hits you with a +2 whip of flaming!
* * * LOW HITPOINT WARNING * * *
The gnoll burns you.
* * * LOW HITPOINT WARNING * * *
The gnoll barely misses you.
You hit the gnoll but do no damage.
The gnoll is heavily wounded.
You constrict the gnoll, but do no damage.
The gnoll closely misses you.
The gnoll drinks a potion.
The gnoll is healed!
You hit the gnoll.
The gnoll is lightly wounded.
You constrict the gnoll, but do no damage.
The gnoll hits you with a +2 whip of flaming!
You die...

.......##.#.......# #≈≈...~≈# ###
............>.....# #≈≈...~≈# #..
.......##.#.......# #≈~.)))≈# #..
..... #..#.......# #≈~...~≈# #..
. #.##..g....# #~.....~# #..
#..#).####.# #.......# ###
#########....####.# ##.....## #..
#...............g.######.######..
#...............@...)............
#..............g.#.#.....##.##...
#....................###.##.##...
#............###.............#...
#............####.##.##......#...
..........##.................#...
........÷.##.....#.....#.........
..........##.....................
..).........###...............#..


You could see 2 gnolls.

Vanquished Creatures
  Natasha (D:2)
  3 adders (D:2)
  A gnoll (D:2)
  A worm (D:2)
  5 dart slugs
  3 endoplasms
  2 giant cockroaches
  2 hobgoblins (D:1)
  3 quokkas
  4 ball pythons
  2 bats (D:2)
  3 frilled lizards
  5 goblins
  8 kobolds
  4 rats
47 creatures vanquished.

Notes
Turn   | Place    | Note
-------+----------+-------------------------------------------
     0 | D:1      | swilekon the Octopode Monk began the quest for the Orb.
     0 | D:1      | Reached XP level 1. HP: 16/16 MP: 1/1
   106 | D:1      | Reached XP level 2. HP: 18/21 MP: 2/2
   245 | D:1      | Reached skill level 1 in Long Blades
   640 | D:1      | Found a faded altar of an unknown god.
   645 | D:1      | Reached XP level 3. HP: 23/26 MP: 3/3
  1331 | D:2      | Reached XP level 4. HP: 33/33 MP: 4/4
  1565 | D:2      | Noticed Natasha
  1572 | D:2      | Killed Natasha
  1640 | D:2      | Reached XP level 5. HP: 37/37 MP: 5/5
  1649 | D:2      | Mangled by a gnoll

Illustrated notes

Levels and vault maps discovered:
D:1:      reono_arrival_forest_river, layout_rooms,
          shapermc_ecumenical_altar_starsandcircs
D:2:      minmay_kobold_bridge, layout_basic, uniq_natasha

Skill      XL: |  1  2  3  4 |
---------------+-------------+-----
Long Blades    | 1 |  1.1
Fighting       | 4 |  4.0
Dodging        | 4 |  4.0
Short Blades   | |  3.6
Stealth        | |  2.6

Action                   |  1- 3 |  4- 6 || total
-------------------------+-------+-------++-------
Melee: Short sword       |    66 |    27 ||    93
       Tentacles         |    14 |     7 ||    21
       Constrict         |    18 |     5 ||    23
       Punch             |     1 |       ||     1
 Stab: Sleeping          |    12 |     3 ||    15
Armor: Skin              |     5 |     1 ||     6
Dodge: Dodged            |    26 |    13 ||    39
